Orko, chaotic male orcish Wizard ---- --..-- |...?| --...[-- - --...*..------.. |..![.).*........ |./....).......... ---+......---........ -<%..?...-- ----...... .....--..-- --.....- .....|---- --..... ...---------------..... N+Ya...+.[o..&&... -------------... --. Orko the Conjurer Experience level: 5 Strength: 9 Dexterity: 16 Constitution: 16 Intelligence: 16 Wisdom: 9 Charisma: 9 Health: 0(35) Energy: 1(39) Def: 7 Gold: 9 Moves: 1130 Dungeon seed: LNQPSY1_aM6U9e1A Game ID: Orko_1570318556 Your Inventory: Rings m - a cursed -1 ring of increase damage (on right hand) D - an uncursed +2 ring of increase damage (on left hand) Armor h - an uncursed +0 dwarvish iron helm (being worn) n - an uncursed +0 cloak of magic resistance (being worn) u - an uncursed +2 leather armor (being worn) Weapons b - a blessed +2 quarterstaff (alternate weapon; not wielded) d - 13 uncursed +0 crossbow bolts g - an uncursed +0 dwarvish mattock t - an uncursed +2 sling named +2 (weapon in hand) Wands J - an uncursed wand of undead turning (0:2) Comestibles M - an uncursed food ration N - an uncursed fortune cookie Tools e - an uncursed magic lamp (lit) f - 2 blessed tallow candles (0:200) Coins $ - 9 gold pieces Spells and supernatural/magical abilities: Name Level Category Fail Memory a - force bolt 1 attack 0% 95% c - cause fear 3 enchantment 17% 95% w - wizard lock 2 matter 78% 98% W - pray for help -- divine ? -- Your skills at the end: Fighting Skills Weapon Skills quarterstaff [Basic] Spellcasting Skills attack spells [Basic] enchantment spells [Basic] Final Attributes: You were piously aligned. You were poison resistant. You were magic-protected. You were hallucinating. You had infravision. You had a +1 damage bonus. You are dead. Vanquished creatures: a gnome king 2 gnome lords 2 gnomish wizards an elf zombie 2 dwarves 6 gnomes 3 jackals a sewer rat 10 grid bugs a lichen and a partridge in a pear tree 29 creatures vanquished. Voluntary challenges: You were an atheist. You used a wielded weapon 14 times, starting on turn 488. You read items or engraved 6 times, starting on turn 719. You never genocided any monsters. You never polymorphed an object. You never changed form. You used no wishes. You never split a pudding. You never wrote Elbereth's name. You never violated your personal moral code. You abstained from Elbereth's help. You werepermanently hallucinating. Dungeon overview: The Dungeons of Doom: levels 1 to 3 Level 1 a fountain a long staircase Level 2 a general store stairs to The Gnomish Mines Level 3 a sink The Gnomish Mines: levels 3 to 4 Level 3 stairs to The Dungeons of Doom Level 4 <- You were here History has recorded: On T:1 you entered the Dungeons of Doom to retrieve the Amulet of Yendor! On T:30 you reached level 2 of The Dungeons of Doom. On T:404 you reached level 3 of The Dungeons of Doom. On T:905 you reached level 1 of The Gnomish Mines. On T:928 you advanced to experience level 2. On T:934 you advanced to experience level 3. On T:1019 you reached level 2 of The Gnomish Mines. On T:1043 you advanced to experience level 4. On T:1104 you advanced to experience level 5. Score breakdown: Gold: 9 ( 3401 points) Experience: 5 levels (11141 points) Exploration: 4 levels ( 7.84%) ( 7348 points) Discoveries: 5 items ( 1.81%) ( 4037 points) Valuables value: (no points given unless you survive) Artifact value: 0 ( 0 points) Variety of kills: 10 monsters ( 2.62%) ( 4860 points) Turncount: 1130 turns ( 0 points) Survival: died (score multiplied by 80%) Total score: 24629 Latest messages: x - 2 darts (in quiver). The dart misses it. The dart misses it. There is nothing here to pick up. Never mind. Y - a gem called jn.m03 named <. 2> (in quiver). You are now wielding your sling named +2. b - a blessed +2 quarterstaff (alternate weapon; not wielded). The gem called jn.m03 named <. 2> misses it. j - a gem called jw.m04 named <>. 3 4 (in quiver). The gem called jw.m04 named <>. 3 4 hits it. The gnome king throws a dart! You are hit! You die... Final status: Goodbye Orko the Wizard, killed by a dart... You died in The Gnomish Mines on dungeon level 4 with 24629 points, and 9 pieces of gold, after 1130 moves. You were level 5 with a maximum of 35 hit points when you died.